 Dungeon Crawl Stone Soup version 0.31-a0-408-gb642c7f9a3 (webtiles) character file.

Game seed: 1352371059593007149

2741 pokeman the Thaumaturge (level 9, 0/52 HPs)
             Began as a Deep Elf Hedge Wizard on July 29, 2023.
             Was an Initiate of Vehumet.
             Slain by an orc
             ... wielding a +1 heavy falchion
              (8 damage)
             ... on level 7 of the Dungeon.
             The game lasted 00:12:21 (6794 turns).

pokeman the Thaumaturge (Deep Elf Hedge Wizard)     Turns: 6794, Time: 00:12:22

Health: 0/52       AC:  7    Str: 10    XL:     9   Next: 40%
Magic:  5/27       EV: 13    Int: 24    God:    Vehumet [......]
Gold:   417        SH:  0    Dex: 14    Spells: 24/32 levels left

rFire   . . .        k - +2 spear "Xosatas" {elec, rC+ Str+3}
rCold   + . .        (no shield)
rNeg    . . .        b - +0 robe
rPois   .            c - +0 hat
rElec   .            q - +0 cloak
rCorr   .            e - +2 pair of gloves
SInv    .            y - +0 pair of boots
Will    .....        x - amulet of the acrobat
Stlth   ++           i - ring of flight
HPRegen 0.28/turn    (no ring)
MPRegen 0.20/turn

%: acrobat
@: flying
A: no striking features
a: Renounce Religion


You were on level 7 of the Dungeon.
You worshipped Vehumet.
Vehumet was noncommittal.
You visited 2 branches of the dungeon, and saw 8 of its levels.

You collected 417 gold pieces.

Inventory:

Hand Weapons
 k - the +2 spear "Xosatas" (weapon) {elec, rC+ Str+3}
   (You took it off a goblin on level 2 of the Dungeon)

   Str:       It affects your strength (+3).
   rC:        It protects you from cold.
 s - a +3 quarterstaff of chaos
Armour
 b - a +0 robe (worn)
 c - a +0 hat (worn)
 e - a +2 pair of gloves (worn)
 q - a +0 cloak (worn)
 y - a +0 pair of boots (worn)
Magical Staves
 f - a staff of poison
Jewellery
 i - a ring of flight (left hand)
 x - an amulet of the acrobat (around neck)
Scrolls
 a - 4 scrolls of vulnerability {unknown}
 g - a scroll of amnesia {unknown}
 h - a scroll of teleportation {unknown}
 j - 7 scrolls of identify {unknown}
 m - 2 scrolls of fear {unknown}
 n - 2 scrolls of poison {unknown}
 o - a scroll of noise {unknown}
 p - a scroll of summoning {unknown}
 w - a scroll of revelation {unknown}
Potions
 d - a potion of magic
 l - 3 potions of degeneration {unknown}
 r - a potion of resistance {unknown}
 t - 2 potions of invisibility {unknown}
 u - a potion of mutation {unknown}
 v - a potion of heal wounds {unknown}
 z - a potion of might {unknown}
 A - a potion of cancellation {unknown}


   Skills:
 + Level 3.8 Fighting
 - Level 3.0 Armour
 - Level 3.0 Dodging
 - Level 3.0 Stealth
 * Level 12.3 Spellcasting
 + Level 6.9 Conjurations
 - Level 1.1 Summonings
 - Level 1.1 Translocations
 - Level 1.1 Air Magic
 - Level 1.0 Poison Magic
 - Level 1.0 Evocations


You had 24 spell levels left.
You knew the following spells:

 Your Spells              Type           Power      Damage    Failure   Level
a - Magic Dart            Conj           100%       1d8       1%          1
b - Mephitic Cloud        Conj/Pois/Air  29%        N/A       3%          3
c - Call Imp              Summ           40%        N/A       4%          2
d - Blink                 Tloc           40%        N/A       4%          2

Your spell library contained the following spells:

 Spells                   Type           Power      Damage    Failure   Level
 Kiss of Death            Conj/Necr      100%       2d13      1%          1
 Summon Small Mammal      Summ           80%        N/A       2%          1
 Slow                     Hex            56%        N/A       4%          1
 Cigotuvi's Dreadful Rot  Necr/Pois/Air  36%        N/A       4%          2
 Sublimation of Blood     Necr           14%        N/A       6%          2
 Wereblood                Tmut           14%        N/A       6%          2
 Call Canine Familiar     Summ           20%        N/A       8%          3
 Summon Guardian Golem    Hex/Summ       17%        N/A       10%         3
 Confusing Touch          Hex            14%        N/A       12%         3
 Dispel Undead            Necr           14%        3d10      38%         4
 Summon Hydra             Summ           10%        N/A       100%        7


Dungeon Overview and Level Annotations

Branches:
Dungeon (7/15)             Temple (1/1) D:6

Altars:
Ashenzari
Cheibriados
Dithmenos
Elyvilon
Fedhas
Gozag
Hepliaklqana
Kikubaaqudgha
Makhleb
Okawaru
Qazlal
Ru
Sif Muna
Trog
Uskayaw
Vehumet
Wu Jian
Yredelemnul
Zin
The Shining One

Shops:
D:5 *[


Message History

Aim: an orc warrior, wielding a +0 halberd and wearing a +0 chain mail (lightly wounded, chance to affect: 81%)
The ball explodes into a vile cloud!
The stinking cloud engulfs the orc warrior but does no damage.
The orc warrior is lightly wounded.
The centaur hits the jelly!
The centaur is burned by acid!
The centaur kicks the jelly.
The centaur is burned by acid!
The centaur hits itself but does no damage.
The centaur kicks itself.
The orc closely misses you.
An orc comes into view. It is wielding a +1 heavy falchion.
The orc warrior is engulfed in noxious fumes.
The orc warrior appears confused.
The orc warrior is engulfed in noxious fumes.
The orc warrior appears confused.
The orc attacks as you move away! The orc hits you but does no damage.
An orc comes into view. It is wielding a +0 falchion.
An orc priest comes into view. It is wielding a +0 short sword.
The orc warrior hits the orc with a +0 halberd!
The orc is killed!
Vehumet accepts your kill.
The centaur is engulfed in noxious fumes.
The centaur appears confused.
The white imp puffs mist at you.
The orc warrior hits the white imp with a +0 halberd.
The orc warrior hits itself with a +0 halberd!
The orc shouts!
The centaur hits the orc.
The centaur kicks the orc.
The jelly hits you but does no damage.
An orc wizard comes into view. It is wielding a +0 club.
The orc hits you with a +1 heavy falchion!
* * * LOW HITPOINT WARNING * * *
There is a stone staircase leading up here.
The orc priest shouts!
The centaur hits the jelly.
The centaur is burned by acid!
The centaur kicks the jelly.
The centaur is burned by acid!
The jelly hits you but does no damage.
The orc wizard points at you and mumbles some strange words.
You easily resist.
The orc closely misses you.
The orc warrior closely misses the ice beast.
The orc hits you with a +1 heavy falchion!
You die...

.........o.. ### ###..
....... . .#.## #... #o..#
... #.....##... ###†## ....
#......#..o####....#...#.
#.......................... #
##.zY......o...............
..
##....##....o.........###.#.
...#..#####..°co@.......##. #
......>.##...?5J............
.........)..Y..z..)...)......
..c#.......##oY..............
......#.....#................
..#.....#h.............#.....
....#....#...##....o.####.#..
...#.[.#...#.:.......# ##
..#..#..#......###...#


You could see an orc warrior (confused), 2 ice beasts, a centaur (confused), a
jelly, a wight, an orc priest, an orc wizard, a white imp and 3 orcs.

Vanquished Creatures
  A two-headed ogre (D:7)
  A komodo dragon (D:5)
  A steam dragon (D:6)
  A water moccasin (D:5)
  2 orc warriors (D:6)
  4 ogres
  3 phantoms
  2 bullfrogs (D:7)
  A scorpion (D:6)
  A howler monkey (D:7)
  A gnoll bouda (D:4)
  An orc priest (D:5)
  Crazy Yiuf (D:3)
  2 hounds (D:5)
  A jelly (D:6)
  4 iguanas
  Jessica (D:2)
  Terence (D:2)
  A sleepcap (D:6)
  3 orc wizards
  6 gnolls
  8 adders
  A white imp (D:6)
  3 worms
  5 dart slugs
  15 orcs
  3 bats (D:1)
  6 endoplasms
  2 giant cockroaches
  16 goblins
  10 hobgoblins
  4 jackals
  5 kobolds
  4 quokkas
  7 ball pythons
  5 frilled lizards
  5 rats
138 creatures vanquished.

Vanquished Creatures (collateral kills)
  A sleepcap (D:4)
1 creature vanquished.

Grand Total: 139 creatures vanquished

Notes
Turn   | Place    | Note
-------+----------+-------------------------------------------
     0 | D:1      | pokeman the Deep Elf Hedge Wizard began the quest for the
                  | Orb.
     0 | D:1      | Reached XP level 1. HP: 10/10 MP: 7/7
   215 | D:1      | Reached XP level 2. HP: 15/15 MP: 5/9
   608 | D:1      | Reached skill level 5 in Spellcasting
  1134 | D:2      | Noticed Terence
  1250 | D:2      | Reached XP level 3. HP: 20/20 MP: 9/11
  1254 | D:2      | Learned a level 3 spell: Mephitic Cloud
  1257 | D:2      | Learned a level 2 spell: Call Imp
  1260 | D:2      | Learned a level 2 spell: Blink
  1276 | D:2      | Noticed Jessica
  1281 | D:2      | Killed Jessica
  1282 | D:2      | Reached skill level 1 in Fighting
  1282 | D:2      | Reached skill level 1 in Armour
  1356 | D:2      | Killed Terence
  1357 | D:2      | Reached XP level 4. HP: 15/25 MP: 7/13
  1526 | D:2      | Identified the +2 spear "Xosatas" {elec, rC+ Str+3}
  1827 | D:2      | Reached skill level 6 in Spellcasting
  1827 | D:2      | Reached XP level 5. HP: 29/29 MP: 7/15
  2487 | D:3      | Found a runed translucent door.
  2488 | D:3      | Noticed Crazy Yiuf
  2494 | D:3      | Killed Crazy Yiuf
  2763 | D:3      | Reached skill level 1 in Evocations
  2773 | D:3      | Reached skill level 1 in Air Magic
  2773 | D:3      | Reached skill level 1 in Poison Magic
  3145 | D:4      | Reached XP level 6. HP: 29/34 MP: 11/17
  3410 | D:4      | Found a basalt altar of Yredelemnul.
  3488 | D:4      | Reached skill level 7 in Spellcasting
  3991 | D:4      | Reached XP level 7. HP: 40/40 MP: 13/20
  4335 | D:5      | Entered Level 5 of the Dungeon
  4344 | D:5      | Reached skill level 8 in Spellcasting
  4533 | D:5      | Noticed a komodo dragon
  4621 | D:5      | Killed a komodo dragon
  4622 | D:5      | Reached skill level 9 in Spellcasting
  4622 | D:5      | Reached XP level 8. HP: 24/44 MP: 1/23
  5001 | D:5      | Reached skill level 5 in Conjurations
  5055 | D:5      | Found Qigocest's Armour Boutique.
  5152 | D:5      | Found Tyist's Gadget Gallery.
  5206 | D:5      | Reached skill level 10 in Spellcasting
  5428 | D:5      | Found a broken altar of Ashenzari.
  5608 | D:6      | Found a staircase to the Ecumenical Temple.
  5615 | Temple   | Entered the Ecumenical Temple
  5669 | Temple   | Became a worshipper of Vehumet
  5965 | D:6      | Reached skill level 11 in Spellcasting
  6485 | D:6      | Reached XP level 9. HP: 48/50 MP: 22/26
  6761 | D:7      | Noticed a two-headed ogre
  6786 | D:7      | Killed a two-headed ogre
  6787 | D:7      | Reached skill level 12 in Spellcasting
  6794 | D:7      | Slain by an orc

Illustrated notes

Levels and vault maps discovered:
D:1:      lightli_arrival_maybe_door_vault, layout_loops_ring
D:2:      cheibrodos_greedy_goblins, layout_basic, minmay_joined_circles,
          uniq_jessica, uniq_terence
D:3:      layout_basic, uniq_crazy_yiuf_cottage
D:4:      layout_gridville, mainiacjoe_overflow_catwalk
D:5:      layout_basic, lemuel_crystal_altar, serial_shops, shop,
          nicolae_shop_gadgets
D:6:      layout_loops_ring, temple_fountains, grunt_ministairs_13,
          minmay_misc_feat_tiny, nicolae_concentric_dashed_squares_wild
D:7:      layout_cave_pools, minmay_increasing_density, uniq_pikel
Temple:   dpeg_five_rooms_temple

Skill      XL: |  1  2  3  4  5  6  7  8  9 |
---------------+----------------------------+-----
Spellcasting   | 5 6 7 9 11 12 | 12.3
Fighting       | 1 2 3 |  3.8
Armour         | 1 2 3 |  3.0
Conjurations   | 2 3 4 6 |  6.9
Stealth        | 3 |  3.0
Dodging        | 3 |  3.0
Evocations     | 1 |  1.0
Air Magic      | 1 |  1.1
Poison Magic   | 1 |  1.0
Summonings     | |  1.1
Translocations | |  1.1

Action                     |  1- 3 |  4- 6 |  7- 9 || total
---------------------------+-------+-------+-------++-------
  Melee: Staff             |    23 |       |       ||    23
         Punch             |     2 |       |     2 ||     4
         Spear             |       |    62 |    74 ||   136
   Cast: Magic Dart        |    62 |   133 |   118 ||   313
         Mephitic Cloud    |     1 |     9 |    16 ||    26
         Call Imp          |     1 |     1 |     8 ||    10
         Blink             |       |       |     2 ||     2
   Stab: Confused          |     1 |     4 |     9 ||    14
         Distracted        |       |       |     1 ||     1
         Sleeping          |       |       |     1 ||     1
 Armour: Robe              |     3 |    20 |    15 ||    38
  Dodge: Dodged            |    23 |    34 |    60 ||   117

Table legend: (Time is in decaauts)
 A = Elapsed time spent in this place.
 B = Non-inter-level travel time spent in this place.
 C = Inter-level travel time spent in this place.
 D = Time resting spent in this place.
 E = Time spent auto-exploring this place.
 F = Levels seen in this place.
 G = Mean time per level.
                   A        B        C        D        E       F      G
               +--------+--------+--------+--------+--------+-----+--------+
         Total |   6811 |   6499 |    312 |     64 |   5476 |   8 |  851.4 |
       Dungeon |   6704 |   6495 |    209 |     64 |   5476 |   7 |  957.7 |
        Temple |    106 |      3 |    103 |      0 |      0 |   1 |  106.0 |
               +--------+--------+--------+--------+--------+-----+--------+

Top non-repeatable levels by time:
     D:4: 1324 daAuts
     D:5: 1262 daAuts
     D:1: 1173 daAuts
     D:2: 1101 daAuts
     D:6: 1027 daAuts
     D:3: 745 daAuts
  Temple: 106 daAuts
     D:7: 70 daAuts
